 Dungeon Crawl Stone Soup version 0.22.1-6-g1668fe2 (webtiles) character file.

441 brainwave the Covered (level 7, -2/53 HPs)
             Began as a Human Fighter on Jan 27, 2019.
             Slain by a slave (6 damage)
             ... led by Pikel
             ... on level 4 of the Dungeon.
             The game lasted 00:34:53 (3614 turns).

brainwave the Covered (Human Fighter)               Turns: 3614, Time: 00:34:54

Health: -2/53      AC:  8    Str: 17    XL:     7   Next: 22%
Magic:  7/7        EV:  8    Int: 10    God:
Gold:   192        SH:  9    Dex: 12    Spells: 6/6 levels left

rFire    . . .     SeeInvis .   a - +0 long sword
rCold    . . .     Gourm    .   c - +0 shield
rNeg     . . .     Faith    .   b - +0 scale mail
rPois    .         Spirit   .   (no helmet)
rElec    .         Reflect  .   (no cloak)
rCorr    .         Harm     .   (no gloves)
MR       .....                  E - +0 pair of boots
Stlth    ..........             (no amulet)
HPRegen  0.17/turn              (no ring)
MPRegen  0.10/turn              (no ring)

@: no status effects
A: no striking features
a: no special abilities


You were on level 4 of the Dungeon.
You were not hungry.

You visited 1 branch of the dungeon, and saw 5 of its levels.

You collected 192 gold pieces.

Inventory:

Hand Weapons
 a - a +0 long sword (weapon)
 g - a +0 club
 i - a +0 short sword
 k - a +0 dagger
 r - a +0 flail
 v - a +0 whip
 B - a +0 spear
 C - a +0 club
 D - a +0 spear
 F - a +3 scythe of venom
Missiles
 e - 19 bolts
 h - 10 stones (quivered)
Armour
 b - a +0 scale mail (worn)
 c - a +0 shield (worn)
 s - a +0 scale mail
 x - a +0 scale mail
 y - a +0 leather armour
 A - a +0 robe
 E - a +0 pair of boots (worn)
Jewellery
 w - an uncursed ring of protection from magic {unknown}
 z - an uncursed amulet of the gourmand {unknown}
Wands
 u - a wand of digging (13)
 H - a wand of clouds (4)
Scrolls
 l - 2 scrolls of blinking {unknown}
 m - 2 scrolls of magic mapping {unknown}
 p - 5 scrolls of identify {unknown}
 G - a scroll of amnesia {unknown}
 I - a scroll of random uselessness {unknown}
 J - a scroll of remove curse {unknown}
Potions
 d - 3 potions of might
 n - a potion of curing {unknown}
 o - a potion of degeneration {unknown}
 q - a potion of haste {unknown}
 t - a potion of lignification {unknown}
 K - a potion of brilliance {unknown}
 L - a potion of mutation {unknown}
Comestibles
 f - 7 rations


   Skills:
 + Level 3.9 Fighting
 + Level 4.3 Long Blades
 + Level 4.3 Armour
 + Level 1.9 Dodging
 + Level 0.9 Stealth
 + Level 4.3 Shields


You had 6 spell levels left.
You didn't know any spells.
Your spell library was empty.

Dungeon Overview and Level Annotations

Branches:
Dungeon (5/15)
 Temple: D:4-7

Altars:
Cheibriados
Kikubaaqudgha
Makhleb
Wu Jian

Annotations:
D:5 Pikel


Message History

The slave is severely wounded.
The slave hits you.
* * * LOW HITPOINT WARNING * * *
You hit the slave.
The slave is almost dead.
You block the slave's attack.
You closely miss the slave.
The slave is almost dead.
You block the slave's attack. The slave hits you.
* * * LOW HITPOINT WARNING * * *
You hit the slave but do no damage.
The slave is almost dead.
You block the slave's attack.
You closely miss the slave.
The slave is almost dead.
You block the slave's attack.
You hit the slave but do no damage.
The slave is almost dead.
The slave hits you.
You die...

########## #####
#........# #...#
#....>...# #...#
#........# ##..(#
#........#
#####....######.@p.....#
.......................#
#......####..........#
##........#........#
#....###############
#####.....# ........#.#
......###...
...#...##..##


You could see a slave.

Vanquished Creatures
  Sigmund (D:3)
  Jessica (D:2)
  Terence (D:2)
  An iguana (D:4)
  A worker ant zombie (D:5)
  4 gnolls
  9 adders
  3 dart slugs
  2 leopard geckos
  6 orcs
  A ball python (D:1)
  7 bats
  5 giant cockroaches
  4 goblins
  7 hobgoblins
  6 jackals (D:1)
  A quokka (D:3)
  2 frilled lizards
  8 kobolds
  10 rats
80 creatures vanquished.

Notes
Turn   | Place    | Note
-------+----------+-------------------------------------------
     0 | D:1      | brainwave the Human Fighter began the quest for the Orb.
     0 | D:1      | Reached XP level 1. HP: 18/18 MP: 1/1
    74 | D:1      | Reached XP level 2. HP: 19/24 MP: 2/2
   292 | D:1      | Reached XP level 3. HP: 23/29 MP: 3/3
   732 | D:1      | Reached XP level 4. HP: 14/35 MP: 4/4
  1148 | D:2      | Noticed Terence
  1172 | D:2      | Killed Terence
  1226 | D:2      | Found an ancient bone altar of Kikubaaqudgha.
  1251 | D:2      | Reached XP level 5. HP: 41/41 MP: 5/5
  1831 | D:2      | Noticed Jessica
  1840 | D:2      | Killed Jessica
  1840 | D:2      | Reached skill level 1 in Dodging
  2241 | D:2      | Reached XP level 6. HP: 14/47 MP: 6/6
  2577 | D:3      | Noticed Sigmund
  2578 | D:3      | Found an ornate altar of the Wu Jian Council.
  2591 | D:3      | Killed Sigmund
  2591 | D:3      | Reached XP level 7. HP: 23/53 MP: 7/7
  3187 | D:3      | Found a burning altar of Makhleb.
  3230 | D:3      | Found a snail-covered altar of Cheibriados.
  3534 | D:5      | Entered Level 5 of the Dungeon
  3580 | D:5      | Noticed Pikel
  3614 | D:4      | Slain by a slave

Skill      XL: |  1  2  3  4  5  6 |
---------------+-------------------+-----
Long Blades    | 3 4 |  4.3
Dodging        | 1 |  1.9
Armour         | 4 |  4.3
Shields        | 4 |  4.3
Fighting       | |  3.9
Stealth        | |  0.9

Action                   |  1- 3 |  4- 6 |  7- 9 || total
-------------------------+-------+-------+-------++-------
Melee: Long sword        |   109 |   150 |    98 ||   357
  Use: Scroll            |     1 |     1 |     2 ||     4
  Eat: Ration            |       |     3 |       ||     3
Armor: Scale mail        |    77 |    57 |    42 ||   176
Dodge: Dodged            |    54 |    50 |    36 ||   140
Block: Shield            |    69 |    82 |    56 ||   207
       Rpst.: Long sword |    12 |    15 |    10 ||    37
